 Dungeon Crawl Stone Soup version 0.29-a0-8-g0446c0dae4 (webtiles) character file.

Game seed: 15238524854441660128

577 crazypyro the Cleaver (level 7, -10/57 HPs)
             Began as a Minotaur Fighter on Jan 27, 2022.
             Was a Follower of Okawaru.
             Mangled by a shadow (14 damage)
             ... on level 5 of the Dungeon.
             The game lasted 00:07:27 (4804 turns).

crazypyro the Cleaver (Minotaur Fighter)            Turns: 4804, Time: 00:07:28

Health: -10/57     AC:  6    Str: 22    XL:     7   Next: 13%
Magic:  6/6        EV:  9    Int:  5    God:    Okawaru [*.....]
Gold:   187        SH:  4    Dex: 10    Spells: 6/6 levels left

rFire   + . .      SeeInvis .   a - +0 war axe
rCold   . . .      Faith    .   c - +0 buckler
rNeg    . . .      Spirit   .   b - +0 scale mail
rPois   .          Reflect  .   (helmet restricted)
rElec   .          Harm     .   (no cloak)
rCorr   .          Rampage  .   (no gloves)
Will    .....                   (no boots)
Stlth   ..........              (no amulet)
HPRegen 0.19/turn               u - ring of protection from fire
MPRegen 0.10/turn               (no ring)

@: no status effects
A: horns 2, retaliatory headbutt
a: Renounce Religion, Heroism


You were on level 5 of the Dungeon.
You worshipped Okawaru.
Okawaru was aware of your devotion.
You visited 2 branches of the dungeon, and saw 6 of its levels.
You also visited: Sewer.

You collected 187 gold pieces.

Inventory:

Hand Weapons
 a - a +0 war axe (weapon)
Armour
 b - a +0 scale mail (worn)
 c - a +0 buckler (worn)
 f - an orb of energy
Jewellery
 k - a ring of wizardry
 u - a ring of protection from fire (left hand)
Wands
 q - a wand of acid (3)
Scrolls
 e - 2 scrolls of blinking
 l - a scroll of silence {unknown}
 m - a scroll of holy word {unknown}
 o - 4 scrolls of magic mapping {unknown}
 p - a scroll of identify
 s - a scroll of fog {unknown}
 t - a scroll of fear {unknown}
Potions
 d - 2 potions of might
 g - 2 potions of cancellation
 h - a potion of curing
 i - a potion of degeneration {unknown}
 j - 2 potions of lignification {unknown}
 n - a potion of heal wounds {unknown}
 r - 2 potions of attraction {unknown}
 v - a potion of berserk rage {unknown}


   Skills:
 - Level 3.6 Fighting
 + Level 9.5 Axes
 - Level 3.6 Armour
 - Level 3.6 Shields


You had 6 spell levels left.
You didn't know any spells.
Your spell library contained the following spells:

 Spells                   Type           Power      Damage    Failure   Level
 Pain                     Necr           0%         1d4       88%         1
 Agony                    Necr           0%         N/A       100%        5
 Excruciating Wounds      Necr           0%         N/A       100%        5


Dungeon Overview and Level Annotations

Branches:
Dungeon (5/15)             Temple (1/1) D:4           Sewer (visited)

Altars:
Ashenzari
Gozag
Okawaru
Qazlal
Ru
Trog
Uskayaw
Wu Jian

Shops:
D:4 *

Annotations:
D:3 1 runed translucent door, sirJeffrey23's ghost, amateur DsGl


Innate Abilities, Weirdness & Mutations

You have a pair of horns on your head.
You reflexively headbutt those who attack you in melee.


Message History

You headbutt the shadow, but do no damage.
The shadow is almost destroyed.
The shadow slips into darkness.
The shadow flickers and vanishes!
Deactivating autopickup; reactivate with Ctrl-A.
You miss something. Your headbutt misses something.
The shadow strikes at you from the darkness!
* * * LOW HITPOINT WARNING * * *
Reactivating autopickup.
You closely miss the shadow.
The shadow is almost destroyed.
The shadow misses you.
You hit the shadow but do no damage.
You headbutt the shadow, but do no damage.
The shadow is almost destroyed.
The shadow slips into darkness.
The shadow flickers and vanishes!
Deactivating autopickup; reactivate with Ctrl-A.
You closely miss something.
The shadow strikes at you from the darkness!
* * * LOW HITPOINT WARNING * * *
Reactivating autopickup.
You hit the shadow.
The shadow is almost destroyed.
The shadow hits you.
You hit the shadow but do no damage. Your headbutt misses the shadow.
The shadow is almost destroyed.
The shadow hits you.
* * * LOW HITPOINT WARNING * * *
You hit the shadow but do no damage.
The shadow is almost destroyed.
The shadow hits you.
You barely miss the shadow.
The shadow is almost destroyed.
The shadow slips into darkness.
The shadow flickers and vanishes!
Deactivating autopickup; reactivate with Ctrl-A.
You hit something but do no damage.
The shadow strikes at you from the darkness!
You die...

#.#..# #...###. #.##
#.####.. #### #.#
###.####.# .... #.#
..#....... #.. #.#
#.#....... #... #.#
#.#..<.... #...#
##.# #.#.......
#..##..####.†.......
#.{@................
####.##.##.##.......
#.##.##.##.......
#.##.##.##.......
..##.##.##.......
####.##.###..####
#....# (.. ####..


There were no monsters in sight!

Vanquished Creatures
  Sigmund (D:4)
  A water moccasin (Sewer)
  A phantom (D:4)
  A scorpion (D:5)
  A hound (D:5)
  2 orc wizards (D:3)
  4 adders
  2 worms
  A dart slug (D:4)
  6 orcs
  2 ball pythons (D:2)
  4 bats
  7 endoplasms
  6 giant cockroaches
  4 goblins
  2 hobgoblins
  4 jackals
  5 quokkas
  2 frilled lizards
  6 kobolds
  A rat (D:2)
63 creatures vanquished.

Notes
Turn   | Place    | Note
-------+----------+-------------------------------------------
     0 | D:1      | crazypyro the Minotaur Fighter began the quest for the Orb.
     0 | D:1      | Reached XP level 1. HP: 19/19 MP: 0/0
    83 | D:1      | Found a broken altar of Ashenzari.
   411 | D:1      | Reached skill level 3 in Axes
   447 | D:1      | Reached XP level 2. HP: 26/26 MP: 1/1
   984 | D:2      | Found a faded altar of an unknown god.
   984 | D:2      | Noticed a shining eye
   989 | D:2      | Noticed an eye of devastation
   994 | D:2      | Noticed a golden eye
  1078 | D:2      | Noticed a great orb of eyes
  1283 | D:2      | Reached skill level 4 in Axes
  1497 | D:2      | Reached XP level 3. HP: 28/31 MP: 2/2
  1780 | D:3      | Reached skill level 5 in Axes
  1780 | D:3      | Reached XP level 4. HP: 25/39 MP: 3/3
  2310 | D:3      | Found a hide-covered altar of Uskayaw.
  2314 | D:3      | Noticed a +0 hand axe
  2316 | D:3      | Reached skill level 6 in Axes
  2528 | D:3      | Noticed a +0 hand axe
  2823 | D:3      | Found a runed translucent door.
  2823 | D:3      | Noticed sirJeffrey23's ghost (amateur DsGl)
  3042 | D:4      | Found Gozag's Platinum Reserve.
  3068 | D:4      | Found a staircase to the Ecumenical Temple.
  3080 | Temple   | Entered the Ecumenical Temple
  3134 | Temple   | Became a worshipper of Warmaster Okawaru
  3199 | D:4      | Found a stormy altar of Qazlal.
  3247 | D:4      | Found a glowing drain.
  3247 | D:4      | Noticed Sigmund
  3267 | D:4      | Killed Sigmund
  3267 | D:4      | Reached * piety under Okawaru
  3268 | D:4      | Reached skill level 7 in Axes
  3268 | D:4      | Reached XP level 5. HP: 19/45 MP: 4/4
  3268 | D:4      | Reached XP level 6. HP: 21/51 MP: 5/5
  3275 | Sewer    | Entered a sewer
  3473 | Sewer    | Noticed a water moccasin
  3481 | Sewer    | Killed a water moccasin
  3482 | Sewer    | Reached skill level 8 in Axes
  3955 | D:4      | Reached skill level 9 in Axes
  4634 | D:4      | Found an opulent altar of Gozag.
  4740 | D:5      | Entered Level 5 of the Dungeon
  4751 | D:5      | Reached XP level 7. HP: 57/57 MP: 6/6
  4787 | D:5      | Noticed a shadow
  4804 | D:5      | Mangled by a shadow

Illustrated notes

Levels and vault maps discovered:
D:1:      dpeg_arrival_lava_altar, layout_rooms, minmay_misc_feat_chi
D:2:      layout_basic, hellmonk_ecumenical_altar_watching_god
D:3:      layout_loops_corners, dancing_weapons_uskayaw, ebering_ghost_sewer_d
D:4:      layout_loops_corners, grunt_qazlal_sundering,
          nicolae_gozag_zags_fifth_avenue, minmay_temple_entry_sparse_star,
          gup_sewer_entry_pipe, uniq_sigmund
D:5:      layout_rooms, general_overflow_altar,
          gammafunk_temple_overflow_elements
Temple:   dpeg_chambers_temple

Skill      XL: |  1  2  3  4  5  6 |
---------------+-------------------+-----
Axes           | 3 4 5 7 9 |  9.5
Fighting       | |  3.6
Armour         | |  3.6
Shields        | |  3.6

Action                   |  1- 3 |  4- 6 |  7- 9 || total
-------------------------+-------+-------+-------++-------
Melee: War axe           |    61 |    93 |    18 ||   172
       Headbutt          |     7 |     9 |     3 ||    19
  Use: Scroll            |     2 |     1 |       ||     3
       Potion            |     2 |       |       ||     2
Armor: Scale mail        |    19 |    35 |     4 ||    58
Dodge: Dodged            |    29 |    26 |     3 ||    58
Block: Buckler           |     8 |    15 |     3 ||    26

Table legend: (Time is in decaauts)
 A = Elapsed time spent in this place.
 B = Non-inter-level travel time spent in this place.
 C = Inter-level travel time spent in this place.
 D = Time resting spent in this place.
 E = Time spent auto-exploring this place.
 F = Levels seen in this place.
 G = Mean time per level.
                   A        B        C        D        E       F      G
               +--------+--------+--------+--------+--------+-----+--------+
         Total |   4863 |   4497 |    366 |      0 |   3915 |   7 |  694.7 |
       Dungeon |   4368 |   4029 |    339 |      0 |   3489 |   5 |  873.6 |
        Temple |     62 |     35 |     27 |      0 |     32 |   1 |   62.0 |
         Sewer |    432 |    432 |      0 |      0 |    393 |   1 |  432.0 |
               +--------+--------+--------+--------+--------+-----+--------+

Top non-repeatable levels by time:
     D:3: 1438 daAuts
     D:4: 1231 daAuts
     D:2: 846 daAuts
     D:1: 787 daAuts
   Sewer: 432 daAuts
     D:5: 64 daAuts
  Temple: 62 daAuts
